 Dungeon Crawl Stone Soup version 0.22-a0-538-g76cc104 (webtiles) character file.

378 Gildeon the Bolt Thrower (level 6, 0/56 HPs)
             Began as a Deep Dwarf Hunter on June 23, 2018.
             Was a Follower of Yredelemnul.
             Slain by a centaur zombie (2 damage)
             ... on level 5 of the Dungeon.
             The game lasted 00:29:52 (3833 turns).

Gildeon the Bolt Thrower (Deep Dwarf Hunter)        Turns: 3833, Time: 00:29:52

Health: 0/56       AC:  5    Str: 15    XL:     6   Next: 45%
Magic:  8/15       EV: 12    Int: 12    God:    Yredelemnul [*.....]
Gold:   263        SH:  0    Dex: 15    Spells: 5/5 levels left

rFire    + . .     SeeInvis .   b - +0 flail
rCold    . . .     Gourm    .   (no shield)
rNeg     . . .     Faith    .   c - +0 leather armour
rPois    .         Spirit   .   (no helmet)
rElec    .         Reflect  .   (no cloak)
rCorr    .         Harm     .   (no gloves)
MR       .....                  i - +1 pair of boots
Stlth    ++........             n - amulet of the acrobat
HPRegen  0.00/turn              o - ring of protection from fire
MPRegen  0.14/turn              l - ring of magical power

@: non-regenerating
A: damage resistance, heal wounds, sense surroundings 1, no regeneration
a: Heal Wounds, Animate Remains, Renounce Religion


You were on level 5 of the Dungeon.
You worshipped Yredelemnul.
Yredelemnul was aware of your devotion.
You were not hungry.

You visited 2 branches of the dungeon, and saw 6 of its levels.

You collected 263 gold pieces.

Inventory:

Hand Weapons
 a - a +1 hand crossbow
 b - a +0 flail (weapon)
Armour
 c - a +0 leather armour (worn)
 i - a +1 pair of boots (worn)
Jewellery
 l - a ring of magical power (right hand)
 n - an amulet of the acrobat (around neck)
 o - a ring of protection from fire (left hand)
Wands
 d - a wand of enslavement (13)
Scrolls
 e - 4 scrolls of identify
 j - a scroll of amnesia
 k - 2 scrolls of remove curse
 m - a scroll of fear
Potions
 h - a potion of lignification {unknown}
Comestibles
 f - 5 rations
 g - 3 chunks of flesh


   Skills:
 + Level 3.4 Fighting
 + Level 1.6 Maces & Flails
 * Level 6.8 Crossbows
 - Level 2.1 Dodging
 + Level 3.4 Stealth


You had 5 spell levels left.
You didn't know any spells.
Your spell library was empty.

Dungeon Overview and Level Annotations

Branches:
Dungeon (5/15)             Temple (1/1) D:4

Altars:
Ashenzari
Cheibriados
Fedhas
Hepliaklqana
Kikubaaqudgha
Makhleb
Nemelex Xobeh
Okawaru
Qazlal
Ru
Sif Muna
Trog
Uskayaw
Vehumet
Wu Jian
Xom
Yredelemnul
Zin
The Shining One

Shops:
D:4 :

Annotations:
D:3 1 runed door, xccam's ghost, weakling DrTm


Innate Abilities, Weirdness & Mutations

You are resistant to damage.
You can heal yourself by infusing magical energy.
You passively map a small area around you.
You do not regenerate.


Message History

The centaur zombie hits you.
* * * LOW HITPOINT WARNING * * *
You sock the centaur zombie!
The centaur zombie is heavily damaged.
The centaur zombie misses you. The centaur zombie hits you.
* * * LOW HITPOINT WARNING * * *
You thump the centaur zombie!
The centaur zombie is severely damaged.
The centaur zombie closely misses you.
You hit the centaur zombie.
The centaur zombie is severely damaged.
The centaur zombie barely misses you. x2
You hit the centaur zombie.
The centaur zombie is almost destroyed.
The centaur zombie hits you but does no damage. x2
You completely miss the centaur zombie.
The centaur zombie is almost destroyed.
The centaur zombie barely misses you. The centaur zombie hits you.
You die...
Your body rises from the dead as a mindless zombie.

, .)..#%.........#
....#.........# ,
..............## ,
.........<....# *,
#............# * *
.#...>......# * *
,#..........# *
.##,, #..........#
*
,.....###@.......##
, .......Z..>....##
, .......#########
.......* ....... *
,....... .......*
.......* r......


You could see a centaur zombie.

Vanquished Creatures
  Blork the orc (D:4)
  An iguana (D:4)
  Natasha (twice) (D:4)
  A worker ant (D:4)
  2 adders
  3 worms
  4 dart slugs
  A leopard gecko (D:2)
  2 orcs
  3 giant cockroaches
  8 goblins
  10 hobgoblins
  16 jackals
  7 kobolds
  A quokka (D:2)
  A ball python (D:2)
  8 bats
  5 frilled lizards
  7 rats
83 creatures vanquished.

Vanquished Creatures (collateral kills)
  An ogre (D:4)
  A crimson imp (D:4)
  Natasha (D:4)
  A worker ant (D:4)
  2 jackals (D:4)
6 creatures vanquished.

Vanquished Creatures (others)
  A felid skeleton (D:4)
  A jackal zombie (D:4)
2 creatures vanquished.

Grand Total: 91 creatures vanquished

Notes
Turn   | Place    | Note
-------+----------+-------------------------------------------
     0 | D:1      | Gildeon the Deep Dwarf Hunter began the quest for the Orb.
     0 | D:1      | Reached XP level 1. HP: 19/19 MP: 1/1
     6 | D:1      | Noticed an iguana
     6 | D:1      | Noticed a six-headed hydra
     6 | D:1      | Noticed a killer bee
     6 | D:1      | Noticed a water moccasin
     6 | D:1      | Noticed a wolf
   167 | D:1      | Reached XP level 2. HP: 17/26 MP: 2/2
   415 | D:1      | Reached skill level 5 in Crossbows
   668 | D:1      | Reached XP level 3. HP: 21/32 MP: 3/3
  1216 | D:2      | Found a basalt altar of Yredelemnul.
  1251 | D:2      | Became a worshipper of Yredelemnul the Dark
  1447 | D:2      | Found a snail-covered altar of Cheibriados.
  1457 | D:2      | Found a hide-covered altar of Uskayaw.
  1589 | D:2      | Reached XP level 4. HP: 22/40 MP: 4/4
  1741 | D:2      | Found a sparkling altar of Nemelex Xobeh.
  2440 | D:3      | Found a runed door.
  2440 | D:3      | Noticed xccam's ghost (weakling DrTm)
  2490 | D:3      | Reached * piety under Yredelemnul
  2823 | D:4      | Reached skill level 6 in Crossbows
  2823 | D:4      | Reached XP level 5. HP: 17/48 MP: 5/5
  2928 | D:4      | Found a staircase to the Ecumenical Temple.
  2941 | Temple   | Entered the Ecumenical Temple
  3249 | D:4      | Found a hazy altar of Hepliaklqana.
  3283 | D:4      | Noticed Natasha
  3288 | D:4      | Killed Natasha
  3299 | D:4      | Found an iron altar of Okawaru.
  3300 | D:4      | Noticed Natasha
  3308 | D:4      | Killed Natasha
  3366 | D:4      | Noticed an ogre
  3397 | D:4      | Found Okinudd's Book Shop.
  3499 | D:4      | Found an ancient bone altar of Kikubaaqudgha.
  3523 | D:4      | Found an ancient bone altar of Kikubaaqudgha.
  3523 | D:4      | Found a burning altar of Makhleb.
  3529 | D:4      | Found a faded altar of an unknown god.
  3531 | D:4      | Found a deep blue altar of Sif Muna.
  3532 | D:4      | Found a faded altar of an unknown god.
  3571 | D:4      | Noticed Natasha
  3577 | D:4      | Killed Natasha
  3577 | D:4      | Reached skill level 1 in Maces & Flails
  3643 | D:4      | Noticed Blork the orc
  3646 | D:4      | Killed an ogre
  3646 | D:4      | Reached XP level 6. HP: 22/56 MP: 6/6
  3652 | D:4      | Killed Blork the orc
  3666 | D:4      | Found a bloodstained altar of Trog.
  3720 | D:5      | Entered Level 5 of the Dungeon
  3766 | D:4      | Your ally Natasha died
  3829 | D:5      | HP: 2/56 [centaur zombie (4)]
  3833 | D:5      | Slain by a centaur zombie

Vault maps used:
D:1:      onia_arrival_zoo_common, minmay_liquid_box
D:2:      yredelemnul_altar_generic, lemuel_crystal_altar, cheibriados_altar_1,
          nemelex_altar_shiori
D:3:      gammafunk_ghost_grave, st_stairs_13, serial_bayou_ford_a
D:4:      lemuel_crystal_altar, kennysheep_mini,
          chequers_temple_overflow_minitemple, lemuel_crystal_altar,
          minmay_temple_entry_glassed_door, serial_shops, nicolae_shop_crystal,
          lemuel_statue_altar, uniq_blork_the_orc, uniq_natasha
D:5:      first_ration, enter_ossuary_2
Temple:   compressed_dpeg_triangle_lava_temple

Skill      XL: |  1  2  3  4  5 |
---------------+----------------+-----
Fighting       | 2 3 |  3.4
Crossbows      | 5 6 |  6.8
Stealth        | 2 3 |  3.4
Maces & Flails | 1 |  1.6
Dodging        | |  2.1

Action                   |  1- 3 |  4- 6 || total
-------------------------+-------+-------++-------
Melee: Club              |     6 |    13 ||    19
       Flail             |       |    60 ||    60
 Fire: Hand crossbow     |   113 |    48 ||   161
Invok: Animate Remains   |       |     5 ||     5
  Use: Scroll            |     7 |     5 ||    12
       Potion            |       |     3 ||     3
 Stab: Distracted        |       |     1 ||     1
  Eat: Chunk             |     2 |     3 ||     5
       Ration            |       |     2 ||     2
Armor: Leather armour    |     9 |    25 ||    34
Dodge: Dodged            |    35 |    67 ||   102

Table legend:
 A = Spawn XP
 B = Non-spawn XP
 C = Spawn XP percentage of total XP
 D = Spawn monster count
 E = Non-spawn monster count
 F = Spawn count percentage of total count
 G = Total turns spent on level
                    A         B        C        D         E        F      G
               +---------+---------+-------+---------+---------+-------+---------
         Total |       0 |     541 |   0.0 |       0 |      89 |   0.0 |  3833
               +---------+---------+-------+---------+---------+-------+---------
           D:1 |       0 |      56 |   0.0 |       0 |      30 |   0.0 |  1058
           D:2 |       0 |      74 |   0.0 |       0 |      31 |   0.0 |   976
           D:3 |       0 |      38 |   0.0 |       0 |      13 |   0.0 |   780
           D:4 |       0 |     373 |   0.0 |       0 |      15 |   0.0 |   761
               +---------+---------+-------+---------+---------+-------+---------
